 Dungeon Crawl Stone Soup version 0.18.1-8-gdd0e5ea (webtiles) character file.

40 LORDOFBUTT the Poker (level 3, -4/34 HPs)
             Began as a Minotaur Chaos Knight on May 24, 2016.
             Slain by a shadow (11 damage)
             ... summoned by the severe capriciousness of Xom
             ... on level 2 of the Dungeon.
             The game lasted 00:01:16 (1656 turns).

LORDOFBUTT the Poker (Minotaur Chaos Knight)        Turns: 1656, Time: 00:01:16

Health: -4/34      AC:  6    Str: 16    XL:     3   Next: 30%
Magic:  2/2        EV: 10    Int:  9    God:    Xom [..*...]
Gold:   124        SH:  0    Dex: 10    Spells: 0 memorised, 2 levels left

rFire  . . .     SeeInvis .     a - +0 spear (chaos)
rCold  + . .     Gourm    .     j - +1 ring mail {rC+}
rNeg   . . .     Faith    .     (no shield)
rPois  .         Spirit   .     (helmet restricted)
rElec  .         Dismiss  .     (no cloak)
rCorr  .         Reflect  .     (no gloves)
SustAt .         Harm     .     (no boots)
MR     +....                    (no amulet)
Stlth  ..........               (no ring)
                                l - ring of protection from magic

@: somewhat resistant to hostile enchantments, extremely unstealthy
A: retaliatory headbutt, horns 2
a: Renounce Religion


You were on level 2 of the Dungeon.
You worshipped Xom.
You were a toy of Xom.
You were hungry.

You visited 1 branch of the dungeon, and saw 2 of its levels.

You collected 124 gold pieces.

Inventory:

Hand Weapons
 a - a +0 spear of chaos (weapon)
Armour
 b - a +2 leather armour
 j - a +1 ring mail of cold resistance (worn)
Jewellery
 l - a ring of protection from magic (left hand)
 n - an uncursed ring of resist corrosion {unknown}
Wands
 d - a wand of flame (9/48)
Scrolls
 f - 2 scrolls of amnesia {unknown}
 g - a scroll of remove curse {unknown}
 i - 3 scrolls of identify {unknown}
Potions
 e - a potion of invisibility {unknown}
 h - 3 potions of curing {unknown}
 k - a potion of cure mutation {unknown}
Comestibles
 c - 2 bread rations
 m - a meat ration
 o - 2 royal jellies


   Skills:
 + Level 4.3 Fighting
 + Level 4.6 Polearms
 + Level 2.7 Armour
 + Level 1.1 Dodging


You had 2 spell levels left.
You didn't know any spells.

Dungeon Overview and Level Annotations

Branches:
Dungeon (2/15)

Altars:


Innate Abilities, Weirdness & Mutations

You reflexively headbutt those who attack you in melee.
You have a pair of horns on your head.


Message History

You headbutt the shadow, but do no damage.
You closely miss the shadow.
The shadow is moderately damaged.
You closely miss the shadow.
The shadow is moderately damaged.
The shadow slips into darkness.
The shadow flickers and vanishes!
Deactivating autopickup; reactivate with Ctrl-A.
No target in view!
No target in view!
No target in view!
You miss something.
The shadow strikes at you from the darkness!
Ouch! That really hurt!
* * * LOW HITPOINT WARNING * * *
Reactivating autopickup.
You barely miss the shadow.
The shadow is moderately damaged.
The shadow hits you!
You die...

#............#####.###.###
######...................#
#......######.###.#.#
#...............#.#.#
#####.#.#####.#.#.#.#
#.#.#.....#.#.#.#
#.#[#.[..##.#.#.#
#W#.####†##.#.#.# #@#.#
#.##.#.#.# #.#.#
#.##.#.#.# #.#.#
#.##.#.#.# #.#.#
#.##.#.#.# #.#.#
#.##.#.#.#
#.#.####.##.#.#.#
#######.#.......#.#.#.#
#.......#########.#.#.##
#.####### #.#....#


You could see a shadow.

Vanquished Creatures
  An adder (D:2)
  An ooze (D:1)
  A dart slug (D:1)
  A giant gecko (D:1)
  5 giant cockroaches (D:1)
  4 goblins
  3 hobgoblins (D:1)
  A bat (D:1)
  A giant newt (D:1)
  4 kobolds (D:1)
  A rat (D:1)
23 creatures vanquished.

Notes
Turn   | Place    | Note
--------------------------------------------------------------
     0 | D:1      | LORDOFBUTT the Minotaur Chaos Knight began the quest for the Orb.
     0 | D:1      | Reached XP level 1. HP: 19/19 MP: 0/0
   162 | D:1      | Reached XP level 2. HP: 25/27 MP: 1/1
   361 | D:1      | XOM: silly message
   650 | D:1      | XOM is BORED!
   650 | D:1      | XOM: harmless Divn miscast
  1085 | D:1      | Reached XP level 3. HP: 33/33 MP: 2/2
  1218 | D:1      | XOM: god gift: 47 gold pieces
  1225 | D:1      | XOM: vitrification
  1391 | D:1      | XOM: god gift: iron wand {god gift}
  1498 | D:2      | XOM: vitrification
  1645 | D:2      | XOM is BORED!
  1645 | D:2      | XOM: medium Necr miscast
  1646 | D:2      | Noticed a shadow
  1646 | D:2      | Noticed a shadow
  1656 | D:2      | Slain by a shadow

Skill      XL: |  1  2 |
---------------+-------+-----
Polearms       | 4 |  4.6
Fighting       | 4 |  4.3
Armour         | |  2.7
Dodging        | |  1.1

Action                   || total
-------------------------++-------
Melee: Spear             ||    65
       Headbutt          ||     4
  Eat: Pizza             ||     1
Armor: Leather armour    ||     1
       Ring mail         ||     8
Dodge: Dodged            ||    15
